 Dungeon Crawl Stone Soup version 0.18-b1-2-gd0c887e (webtiles) character file.

536 RudyRod the Firebug (level 7, -8/46 HPs)
             Began as a Demonspawn Fire Elementalist on Apr 28, 2016.
             Was an Initiate of Vehumet.
             Mangled by ThereIsNoGod's ghost (18 damage)
             ... on level 4 of the Dungeon.
             The game lasted 00:37:10 (5604 turns).

RudyRod the Firebug (Demonspawn Fire Elementalist)  Turns: 5604, Time: 00:37:10

Health: -8/46      AC:  7    Str: 11    XL:     7   Next: 4%
Magic:  7/12       EV: 12    Int: 18    God:    Vehumet [......]
Gold:   108        SH:  0    Dex: 14    Spells: 3 memorised, 6 levels left

rFire  + . .     SeeInvis .     r - +3 flail
rCold  x . .     Gourm    .     d - +1 leather armour
rNeg   . . .     Faith    .     (no shield)
rPois  .         Spirit   .     (no helmet)
rElec  .         Dismiss  .     (no cloak)
rCorr  .         Reflect  .     u - +2 pair of gloves {Str+3}
SustAt .         Harm     .     (no boots)
MR     .....                    (no amulet)
Stlth  ++........               (no ring)
                                n - ring of fire

@: about to teleport, very slightly contaminated, not resistant to hostile
enchantments, unstealthy
A: hooves 1, foul stench 2, rot immunity
a: Renounce Religion


You were on level 4 of the Dungeon.
You worshipped Vehumet.
Vehumet was noncommittal.
You were hungry.

You visited 1 branch of the dungeon, and saw 4 of its levels.

You collected 108 gold pieces.

Inventory:

Hand Weapons
 g - a +0 dagger
 k - a +2 dagger of flaming
 q - a +0 hunting sling of freezing
 r - a +3 flail (weapon)
Missiles
 c - a throwing net (quivered)
Armour
 a - a +0 robe
 d - a +1 leather armour (worn)
 e - a +0 pair of gloves
 u - a +2 pair of gloves of strength (worn)
Jewellery
 n - a ring of fire (left hand)
 y - an uncursed ring of flight
 B - an uncursed ring of flight
Scrolls
 i - 2 scrolls of identify
 o - a scroll of remove curse
 t - 2 scrolls of enchant armour
 v - 3 scrolls of fog
Potions
 h - a potion of haste
 l - a potion of degeneration {unknown}
 p - 2 potions of brilliance {unknown}
 z - a potion of agility {unknown}
Books
 b - a book of Flames

   Spells                             Type                      Level
   a - Flame Tongue                   Conjuration/Fire             1
   b - Throw Flame                    Conjuration/Fire             2
   c - Conjure Flame                  Conjuration/Fire             3
   d - Inner Flame                    Hexes/Fire                   3
   e - Sticky Flame                   Conjuration/Fire             4
   f - Fireball                       Conjuration/Fire             5
Comestibles
 f - 2 meat rations
 j - 2 beef jerkies
 m - a bread ration
 s - 2 fruits
 A - 3 chunks of flesh


   Skills:
 + Level 0.2 Fighting
 + Level 0.1 Short Blades
 + Level 0.3 Maces & Flails
 + Level 2.3 Armour
 + Level 2.6 Dodging
 + Level 2.0 Stealth
 + Level 3.4 Spellcasting
 + Level 2.8 Conjurations
 * Level 4.9 Fire Magic


You had 6 spell levels left.
You knew the following spells:

 Your Spells              Type           Power        Failure   Level  Hunger
a - Flame Tongue          Conj/Fire      ####.        4%          1    None
b - Throw Flame           Conj/Fire      ####..       10%         2    ##.....
c - Conjure Flame         Conj/Fire      ####....     14%         3    ###....


Dungeon Overview and Level Annotations

Branches:
Dungeon (4/15)
 Temple: D:4-7

Altars:
Fedhas
Kikubaaqudgha
Qazlal
Ru
Sif Muna
Vehumet
Xom
Zin
The Shining One

Annotations:
D:4 ThereIsNoGod's ghost, novice DDFi


Innate Abilities, Weirdness & Mutations

You have large cloven feet.
You frequently emit foul miasma when damaged in melee.
You are immune to rotting.


Message History

You miss the giant newt. Your kick misses the giant newt.
The giant newt bites you. ThereIsNoGod's ghost misses you.
You closely miss the giant newt.
You kick the giant newt, but do no damage.
The giant newt misses you. ThereIsNoGod's ghost barely misses you.
The giant newt closely misses you.
You miss the giant newt. ThereIsNoGod's ghost hits you!
You emit a cloud of foul miasma!
The giant newt bites you but does no damage.
ThereIsNoGod's ghost hits you.
Read which item? (? for menu, Esc to quit)
As you read the scroll of teleportation, it crumbles to dust.
You feel strangely unstable. The giant newt bites you.
The giant newt looks sick.
ThereIsNoGod's ghost hits you!
* * * LOW HITPOINT WARNING * * *
Unknown command.
Drink which item? (? for menu, Esc to quit)
It was a potion of cure mutation.
It has a very clean taste.
The giant newt closely misses you. ThereIsNoGod's ghost hits you!!
You die...

.......#######.###.........######
...............(.#...............
.......###########...............
........... .................
........### ####........######
........# #................#
........# #.#####.....####.#
........# #l#............#.#
........# #@#.####..###..#.#
.######.# #W#.# #..#.)..#.#
.######.# #.#.# #..#.##.#.#
.....##.########.#.####..#..!.#.#
.....'.................>..# #.#
.....##.#####.....#####...# #.#
§....##.# #.....# #...# #.#
§≈≈..##.# #.....# #...## #.#
##§####.# #.....# #....# #.#


You could see ThereIsNoGod's ghost and a giant newt.

Vanquished Creatures
  An ogre (D:4)
  A crimson imp (D:4)
  A jelly (D:3)
  2 hounds (D:4)
  A centaur skeleton (D:4)
  A giant frog skeleton (D:4)
  Ijyb (D:2)
  3 worker ants (D:4)
  3 gnolls (D:2)
  6 adders
  3 worms
  3 dart slugs
  2 giant geckos
  10 orcs
  9 bats
  9 giant cockroaches
  7 goblins
  7 hobgoblins
  A ball python skeleton (D:4)
  2 giant newts (D:2)
  3 kobolds
  8 rats
84 creatures vanquished.

Notes
Turn   | Place    | Note
--------------------------------------------------------------
     0 | D:1      | RudyRod the Demonspawn Fire Elementalist began the quest for the Orb.
     0 | D:1      | Reached XP level 1. HP: 13/13 MP: 3/3
   203 | D:1      | Reached skill level 3 in Fire Magic
   523 | D:1      | Gained mutation: You are immune to rotting. [demonic ancestry]
   523 | D:1      | Reached XP level 2. HP: 19/19 MP: 1/5
  1622 | D:2      | Gained mutation: You may emit foul miasma when damaged in melee. [demonic ancestry]
  1622 | D:2      | Reached XP level 3. HP: 24/24 MP: 1/6
  1722 | D:2      | Found a sacrificial altar of Ru.
  1760 | D:2      | Found a shimmering altar of Xom.
  1760 | D:2      | Found a deep blue altar of Sif Muna.
  1768 | D:2      | Noticed Ijyb
  1776 | D:2      | Killed Ijyb
  1776 | D:2      | Reached skill level 1 in Armour
  1947 | D:2      | Gained mutation: You have large cloven feet. [demonic ancestry]
  1947 | D:2      | Reached XP level 4. HP: 30/30 MP: 5/7
  1955 | D:2      | Learned a level 2 spell: Throw Flame
  2891 | D:2      | Found a glowing silver altar of Zin.
  2892 | D:2      | Noticed an angel
  3104 | D:3      | Found a blossoming altar of Fedhas.
  3301 | D:3      | Gained mutation: You frequently emit foul miasma when damaged in melee. [demonic ancestry]
  3301 | D:3      | Reached XP level 5. HP: 35/35 MP: 6/9
  3545 | D:3      | Found an ancient bone altar of Kikubaaqudgha.
  3778 | D:3      | Found a radiant altar of Vehumet.
  3783 | D:3      | Found a stormy altar of Qazlal.
  3784 | D:3      | Became a worshipper of Vehumet
  4275 | D:4      | Learned a level 3 spell: Conjure Flame
  4319 | D:4      | Reached skill level 4 in Fire Magic
  4356 | D:4      | Noticed ThereIsNoGod's ghost (novice DDFi)
  4856 | D:4      | Reached XP level 6. HP: 35/41 MP: 4/10
  5400 | D:4      | Found a glowing golden altar of the Shining One.
  5496 | D:4      | Reached XP level 7. HP: 43/46 MP: 4/12
  5604 | D:4      | Mangled by ThereIsNoGod's ghost

Skill      XL: |  1  2  3  4  5  6 |
---------------+-------------------+-----
Fire Magic     | 3 4 |  4.9
Dodging        | 2 |  2.6
Armour         | 1 2 |  2.3
Conjurations   | 2 |  2.8
Spellcasting   | 3 |  3.4
Stealth        | 2 |  2.0
Fighting       | |  0.2
Short Blades   | |  0.1
Maces & Flails | |  0.3

Action                   |  1- 3 |  4- 6 |  7- 9 || total
-------------------------+-------+-------+-------++-------
Melee: Dagger            |    18 |    17 |       ||    35
       Kick              |       |     7 |     1 ||     8
       Flail             |       |    21 |     3 ||    24
 Cast: Flame Tongue      |    43 |    79 |       ||   122
       Throw Flame       |       |    45 |       ||    45
       Conjure Flame     |       |       |     3 ||     3
  Use: Scroll            |     1 |     8 |     1 ||    10
       Potion            |       |     1 |     1 ||     2
  Eat: Bread ration      |     1 |     1 |       ||     2
       Chunk             |       |     9 |       ||     9
Armor: Leather armour    |    13 |    32 |     1 ||    46
Dodge: Dodged            |    15 |    49 |     6 ||    70
